 Dungeon Crawl Stone Soup version 0.32-a0-520-g344ed53f66 (webtiles) character file.

Game seed: 4664775218562329448

666149 Strat the Conqueror (level 27, -115/273 HPs)
             Began as a Mountain Dwarf Fighter on Feb 26, 2024.
             Was a High Priest of Okawaru.
             Killed from afar by a yellow draconian (196 damage)
             ... with an acid spray
             ... on level 3 of the Realm of Zot on Feb 27, 2024.
             The game lasted 03:33:47 (72161 turns).

Strat the Conqueror (Mountain Dwarf Fighter)       Turns: 72161, Time: 03:33:48

Health: -115/273   AC: 35    Str: 30 (31) XL:     27
Magic:  13/15      EV: 11    Int: 10 (11) God:    Okawaru [*****.]
Gold:   4772       SH: 14    Dex:  8 (11) Spells: 30/48 levels left

rFire   + + +        b - +9 broad axe "Giant's Doom" {antimagic, rN+ Will++}
rCold   + + +        g - +0 kite shield
rNeg    + + +        z - +2 gold dragon scales
rPois   +            a - +1 hat
rElec   +            E - +2 cloak of Tenacity {Regen+}
rCorr   +            W - +2 pair of gloves "Plog" {rElec Dex+3}
SInv    +            p - +0 pair of boots "Ganupt" {Will+ Str+4 Slay+5}
Will    +++++        T - amulet "Piaxt" {rF++ Regen+ rCorr Slay+3} Stlth
                     H - ring of Iryro {Wiz rC++ rN+ rCorr Dex-3}
HPRegen 3.05/turn    C - ring "Sotseocs" {rN+ Will+ MP+9 SInv}
MPRegen 0.14/turn

%: wizardry (x1)
@: heroic, corroded, studying 4 skills
A: runic magic, artefact enchanting, clumsy 1, deterioration 1, regeneration 1,
subdued magic 1
}: 4/15 runes: serpentine, barnacled, slimy, silver
a: Renounce Religion, Heroism, Finesse, Duel


You were on level 3 of the Realm of Zot.
You worshipped Okawaru.
Okawaru was extremely pleased with you.
You visited 11 branches of the dungeon, and saw 51 of its levels.
You visited 1 ziggurat, and saw 10 of its levels.

You collected 7724 gold pieces.
You spent 2952 gold pieces at shops.

Inventory:

Hand Weapons
 b - the +9 broad axe "Giant's Doom" (weapon) {antimagic, rN+ Will++}
   (You acquired it on level 1 of the Depths)

   rN+:       It protects you from negative energy.
   Will++:    It greatly increases your willpower.
 r - the +7 executioner's axe of Ambiguity {freeze, rPois}
   (You acquired it on level 5 of a ziggurat)

   rPois:     It protects you from poison
 V - the +4 consecrated labrys {holy, Valiant ^Fragile Fly SInv}
   (Okawaru gifted it to you on level 3 of the Lair of Beasts)

   Valiant:   It becomes more powerful as more dangerous foes come into view.
   SInv:      It lets you see invisible.
   Fly:       It grants you flight.
   ^Fragile:  It will be destroyed if unequipped.
Missiles
 q - 9 curare-tipped darts
 u - 40 silver javelins (quivered)
 D - 26 atropa-tipped darts
 F - 4 darts of dispersal
 Q - 5 datura-tipped darts
 S - 6 throwing nets
 X - 31 javelins
Armour
 a - a +1 hat (worn)
 g - a +0 kite shield (worn)
 p - the +0 pair of boots "Ganupt" (worn) {Will+ Str+4 Slay+5}
   (You acquired it on level 1 of the Realm of Zot)

   Str+4:     It affects your strength (+4).
   Slay+5:    It affects your accuracy & damage with ranged weapons and melee
   (+5).
   Will+:     It increases your willpower.
 z - +2 gold dragon scales (worn)
 E - the +2 cloak of Tenacity (worn) {Regen+}
   (You bought it in a shop on level 4 of the Dungeon)

   Regen+:    It increases your rate of health regeneration.
 W - the +2 pair of gloves "Plog" (worn) {rElec Dex+3}
   (Okawaru gifted it to you on level 3 of the Lair of Beasts)

   Dex+3:     It affects your dexterity (+3).
   rElec:     It insulates you from electricity.
 Z - the +2 pair of boots of Yblorr {rF++}
   (You bought it in a shop on level 2 of the Orcish Mines)

   rF++:      It greatly protects you from fire.
Jewellery
 C - the ring "Sotseocs" (right hand) {rN+ Will+ MP+9 SInv}
   (You bought it in a shop on level 12 of the Dungeon)

   [ring of magical power]

   rN+:       It protects you from negative energy.
   Will+:     It increases your willpower.
   MP+9:      It affects your magic capacity (+9).
   SInv:      It lets you see invisible.
 H - the ring of Iryro (left hand) {Wiz rC++ rN+ rCorr Dex-3}
   (You found it on level 11 of the Dungeon)

   [ring of wizardry]

   Wiz:       It improves your spell success rate.
   Dex-3:     It affects your dexterity (-3).
   rC++:      It greatly protects you from cold.
   rN+:       It protects you from negative energy.
   rCorr:     It protects you from acid and corrosion.
 M - the ring "Botucuth" {rElec rF++ rN+ MP+9 Int-5}
   (You found it on level 10 of a ziggurat)

   [ring of magical power]

   Int-5:     It affects your intelligence (-5).
   rF++:      It greatly protects you from fire.
   rElec:     It insulates you from electricity.
   rN+:       It protects you from negative energy.
   MP+9:      It affects your magic capacity (+9).
 T - the amulet "Piaxt" (around neck) {rF++ Regen+ rCorr Slay+3}
   (You took it off a deep elf annihilator on level 3 of the Elven Halls)

   [amulet of regeneration]

   Slay+3:    It affects your accuracy & damage with ranged weapons and melee
   (+3).
   rF++:      It greatly protects you from fire.
   Regen+:    It increases your rate of health regeneration.
   rCorr:     It protects you from acid and corrosion.
Wands
 c - a wand of quicksilver (15)
 n - a wand of roots (84)
 s - a wand of mindburst (22)
 I - a wand of flame (116)
 K - a wand of polymorph (34)
 O - a wand of paralysis (43)
Scrolls
 e - 2 scrolls of fear
 f - 6 scrolls of immolation
 t - 7 scrolls of revelation
 v - a scroll of enchant armour
 x - 2 scrolls of silence
 B - a scroll of fog
 N - 2 scrolls of vulnerability
 P - 26 scrolls of teleportation
 Y - 7 scrolls of poison
Potions
 d - 6 potions of haste
 h - a potion of attraction
 i - 6 potions of heal wounds
 j - 20 potions of curing
 k - 4 potions of ambrosia
 l - 4 potions of enlightenment
 m - 7 potions of cancellation
 o - 4 potions of resistance
 w - a potion of might
 y - 3 potions of berserk rage
 A - 11 potions of mutation
 R - 2 potions of invisibility
 U - a potion of lignification


   Skills:
 O Level 27 Fighting
 - Level 18.0(23.0) Axes
 - Level 16.0(21.0) Throwing
 + Level 21.2(26.2) Armour
 - Level 10.0(15.0) Dodging
 - Level 16.0(21.0) Shields
 - Level 11.2 Spellcasting
 - Level 5.0 Hexes
 - Level 8.5 Translocations
 - Level 11.7 Alchemy
 - Level 8.0 Invocations
 - Level 10.7 Evocations


You had 30 spell levels left.
You knew the following spells:

 Your Spells              Type           Power      Damage    Failure   Level
a - Passage of Golubria   Tloc           17%        N/A       1%          4
b - Alistair's Intoxicat  Alch           14%        N/A       1%          5
c - Olgreb's Toxic Radia  Alch           22%        N/A       1%          4
d - Dimensional Bullseye  Hex/Tloc       7%         N/A       4%          4
e - Apportation           Tloc           34%        N/A       1%          1

Your spell library contained the following spells:

 Spells                   Type           Power      Damage    Failure   Level
 Sting                    Conj/Alch      52%        1d6       1%          1
 Blink                    Tloc           34%        N/A       1%          2
 Jinxbite                 Hex            24%        N/A       1%          2
 Lesser Beckoning         Tloc           34%        N/A       1%          2
 Mercury Vapours          Alch/Air       26%        N/A       1%          2
 Gell's Gravitas          Tloc           17%        N/A       1%          3
 Teleport Other           Tloc           17%        N/A       1%          3
 Manifold Assault         Tloc           17%        N/A       1%          4
 Cigotuvi's Dreadful Rot  Necr/Alch/Air  20%        N/A       2%          2
 Sigil of Binding         Hex            12%        N/A       2%          3
 Volatile Blastmotes      Fire/Tloc      20%        2d11      3%          3
 Ensorcelled Hibernation  Hex/Ice        16%        N/A       4%          2
 Mephitic Cloud           Conj/Alch/Air  10%        N/A       4%          3
 Ignite Poison            Fire/Alch      13%        N/A       6%          4
 Leda's Liquefaction      Alch/Erth      6%         N/A       6%          4
 Petrify                  Alch/Erth      13%        N/A       6%          4
 Sticky Flame             Fire/Alch      13%        2d5       6%          4
 Yara's Violent Unravell  Hex/Alch       8%         3d5       6%          5
 Foxfire                  Conj/Fire      16%        2x1d4     8%          1
 Freeze                   Ice            16%        1d4       8%          1
 Kiss of Death            Conj/Necr      16%        2d6       8%          1
 Magic Dart               Conj           16%        1d3       8%          1
 Necrotise                Necr           16%        1d4       8%          1
 Dazzling Flash           Conj/Hex       16%        N/A       9%          3
 Inner Flame              Hex/Fire       8%         N/A       9%          3
 Eringya's Noxious Bog    Alch           11%        4d6       9%          6
 Cause Fear               Hex            6%         N/A       10%         4
 Scorch                   Fire           8%         2d5       12%         2
 Searing Ray              Conj           8%         2d4       12%         2
 Static Discharge         Conj/Air       8%         3-4/arc   12%         2
 Sublimation of Blood     Necr           4%         N/A       12%         2
 Iskenderun's Mystic Bla  Conj/Tloc      10%        2d4       13%         4
 Irradiate                Conj/Alch      6%         3d13      19%         5
 Frozen Ramparts          Ice            8%         1d2       22%         3
 Fugue of the Fallen      Necr           4%         N/A       22%         3
 Hailstorm                Conj/Ice       4%         3d5       22%         3
 Ozocubu's Armour         Ice            4%         N/A       22%         3
 Stone Arrow              Conj/Erth      8%         3d7       22%         3
 Anguish                  Hex/Necr       4%         N/A       26%         4
 Airstrike                Air            2%         2d(1-17)  58%         4
 Dispel Undead            Necr           4%         3d7       58%         4
 Flame Wave               Conj/Fire      4%         2d5       58%         4
 Silence                  Hex/Air        4%         N/A       58%         5
 Arcjolt                  Conj/Air       2%         1d12      89%         5
 Borgnjor's Vile Clutch   Necr/Erth      2%         N/A       89%         5
 Curse of Agony           Necr           4%         N/A       89%         5
 Fireball                 Conj/Fire      2%         3d4       89%         5
 Freezing Cloud           Conj/Ice/Air   2%         6-21      89%         5
 Iskenderun's Battlesphe  Conj           4%         2d6       89%         5
 Conjure Ball Lightning   Conj/Air       2%         3x3d6     100%        6
 Plasma Beam              Fire/Air       2%         2x1d12    100%        6
 Starburst                Conj/Fire      2%         6d3       100%        6
 Enfeeble                 Hex            6%         N/A       100%        7
 Orb of Destruction       Conj           2%         9d5       100%        7
 Ozocubu's Refrigeration  Ice            2%         4d7       100%        7
 Discord                  Hex            6%         N/A       100%        8
 Ignition                 Fire           2%         3d3       100%        8
 Lehudib's Crystal Spear  Conj/Erth      2%         10d2      100%        8
 Maxwell's Capacitive Co  Air            2%         ∞         100%        8
 Tukima's Dance           Hex            Unusable   N/A       N/A         3
 Summon Small Mammal      Summ           Unusable   N/A       N/A         1
 Call Imp                 Summ           Unusable   N/A       N/A         2
 Call Canine Familiar     Summ           Unusable   N/A       N/A         3
 Summon Ice Beast         Ice/Summ       Unusable   N/A       N/A         3
 Summon Forest            Summ/Tloc      Unusable   N/A       N/A         5
 Martyr's Knell           Necr/Summ      Unusable   N/A       N/A         4
 Summon Blazeheart Golem  Fire/Summ      Unusable   N/A       N/A         4
 Summon Lightning Spire   Summ/Air       Unusable   N/A       N/A         4
 Summon Mana Viper        Hex/Summ       Unusable   N/A       N/A         5
 Sculpt Simulacrum        Ice/Alch       Unusable   N/A       N/A         6
 Death Channel            Necr           Unusable   N/A       N/A         6
 Summon Cactus Giant      Summ           Unusable   N/A       N/A         6
 Monstrous Menagerie      Summ           Unusable   N/A       N/A         7
 Spellforged Servitor     Conj/Summ      Unusable   N/A       N/A         7
 Summon Hydra             Summ           Unusable   N/A       N/A         7
 Summon Horrible Things   Summ           Unusable   N/A       N/A         8

Dungeon Overview and Level Annotations

Branches:
Dungeon (15/15)            Temple (1/1) D:5            Lair (5/5) D:10
 Shoals (4/4) Lair:3        Snake (4/4) Lair:2        Slime (5/5) Lair:4
    Orc (2/2) D:9             Elf (3/3) Orc:2        Vaults (5/5) D:13
  Crypt (0/3) Vaults:3     Depths (4/4) D:15            Zot (3/5) Depths:4

Altars:
Ashenzari
Cheibriados
Dithmenos
Elyvilon
Fedhas
Gozag
Hepliaklqana
Kikubaaqudgha
Makhleb
Nemelex Xobeh
Okawaru
Qazlal
Ru
Sif Muna
Trog
Uskayaw
Vehumet
Wu Jian
Xom
Yredelemnul
Zin
The Shining One
Beogh
Jiyva
Lugonu

Shops:
D:3 [   D:4 :[[   D:9 *   D:12 =   D:15 (   Orc:2 !:*[   Elf:1 *   Shoals:1 ?
Snake:3 =:=   Vaults:2 *   Vaults:5 =   Depths:3 :(*

Portals:
Hell: Depths:1 Depths:2 Depths:3 Depths:4
Abyss: Lair:5 Depths:1 Depths:3 Depths:4
Pandemonium: Orc:2 Depths:2
Trove: Vaults:4 (give +2 storm dragon scales)

Annotations:
D:3 3 runed translucent doors, Aldia's ghost, amateur MDRe
D:8 Erica
D:15 exclusion: obsidian statue
Lair:4 exclusion: oklob plant
Shoals:1 3 runed translucent doors, Hiprater's ghost, adept MiBe; Mlioglotl; jasper's ghost, journeyman MDFi
Shoals:2 Roxanne
Snake:2 3 runed translucent doors, Zonian's ghost, adept FeSu
Elf:2 3 runed translucent doors
Vaults:1 1 runed translucent door, Kevimi's ghost, adept FeNe
Depths:2 exclusion: orange crystal statue


Innate Abilities, Weirdness & Mutations

Your spellcasting is much less encumbered by armour.
You can use scrolls of enchantment on lesser artefacts.
You are clumsy. (Dex -2)
Your body sometimes deteriorates upon taking damage.
Your natural rate of healing is unusually fast.
Your spells are a little easier to cast, but a little less powerful.


Message History

You feel your intelligence returning.
No target in view!
No target in view!
You start resting.
HP restored.
There is an open door here.
You now have 4772 gold pieces (gained 42).
There is an open door here. 2 yellow draconians come into view.
The yellow draconian roars!
A purple draconian comes into view. It is wielding a +0 scimitar.
Found a potion of magic.
The purple draconian roars!
The yellow draconian throws acid at you.
The acid spray hits you!!!! You resist.
Ouch! That really hurt!
* * * LOW HITPOINT WARNING * * *
The acid corrodes you!
The yellow draconian throws acid at you.
The acid spray hits you!!!! You resist.
* * * LOW HITPOINT WARNING * * *
You feel much better.
You feel much better.
You feel much better.
You gain the combat prowess of a mighty hero.
You slice the yellow draconian like a ripe choko!!!
The yellow draconian is heavily wounded.
You hear a roar!
You block the yellow draconian's attack.
You barely miss the yellow draconian.
The yellow draconian is heavily wounded.
The yellow draconian throws acid at you.
The acid spray hits you!!! You resist.
* * * LOW HITPOINT WARNING * * *
The acid corrodes you!
Unknown command.
The yellow draconian throws acid at you.
The acid spray hits you!!!!! You resist.
Ouch! That really hurt!
You die...

*,,,*#......#,,,,,*..#*,,,,,,
*,,,##...d.§##,,,*#...**,,,,,
**,*#....d§§.#####....,*,,,,,
*,*......d§##........******,
*,>,,**#..§##.>......**,,,**
**,,,** ####§#d....#***,,,,,*
*****,,,** ##.§..#** *,,*,,+
,,,*,,,** ####§..# *,,,,,*
,,,,,,** ##.@§d..# ***,,,*#
,,,,,** ##...§...## *,*####.
*,,,** ##....§....## *,......
,,,** #...........####......
,,** #....##'##.#....##*##.
,,* #...##...####....# #..
,,* #...#.....###....###..
*** #...#..≈..#.#.........
#...#.....#..#......#.


You could see a yellow draconian (catching breath).

Vanquished Creatures
  the Royal Jelly (Slime:5)
  4 dread liches (Vaults:4)
  An orb of fire (Zot:1)
  A royal mummy (Zig:9)
  Bai Suzhen (Vaults:2)
  2 Killer Klowns
  6 golden dragons
  2 electric golems (Zot:1)
  A Brimstone Fiend (Zig:5)
  A walking crystal tome (Depths:3)
  9 tentacled monstrosities
  Rupert (D:14)
  11 quicksilver dragons
  2 deep elf master archers (Elf:3)
  5 titans
  17 acid blobs
  2 deep elf blademasters (Elf:3)
  4 sphinxes
  A searing wretch (Zig:1)
  5 death cobs
  An ancient champion (Zig:6)
  13 storm dragons
  13 shadow dragons
  4 tengu reavers
  Kirke (D:12)
  Aizul (Snake:1)
  17 rockslimes
  7 draconian monks
  3 revenants (Zig:6)
  3 draconian knights
  Donald (Shoals:3)
  6 azure jellies
  10 fire giants
  3 draconian shifters
  13 vault wardens
  2 ghost moths (Zot:2)
  4 frost giants
  6 nagarajas
  9 deep elf sorcerers
  3 balrugs (Zig:5)
  4 spectral caustic shrikes (Depths:1)
  6 deep elf elementalists (Elf:3)
  5 draconian stormcallers
  Louise (Snake:1)
  4 draconian scorchers
  A spriggan defender (Depths:2)
  3 formless jellyfish
  6 draconian annihilators
  2 orc warlords
  14 very ugly things
  An angel (Depths:3)
  10 quicksilver oozes
  24 ironbound preservers
  13 stone giants
  9 ironbound thunderhulks
  4 vampire knights
  4 green draconians
  Nessos (D:14)
  7 black draconians
  5 deep elf demonologists
  12 deep elf death magi
  17 purple draconians
  2 war gargoyles
  5 red draconians
  9 spark wasps
  4 deep elf annihilators (Elf:3)
  9 dire elephants
  A white draconian (Depths:4)
  4 yellow draconians
  2 merfolk javelineers
  A blizzard demon (Depths:2)
  4 jiangshi
  13 ettins
  6 fire dragons
  Josephine (Lair:5)
  3 merfolk impalers
  5 mummy priests (Zig:9)
  2 entropy weavers
  18 yaktaur captains
  5 deep elf high priests
  12 great orbs of eyes
  2 ogre magi
  3 rakshasas
  35 vault guards
  7 hydras
  9 ice dragons
  2 merfolk avatars
  A salamander tyrant (Zig:5)
  9 spriggan air magi
  Fannar (Orc:1)
  A demonspawn (Orc:2)
  3 peacekeepers
  10 ironbound frosthearts
  An alligator snapping turtle (Shoals:2)
  A catoblepas (D:13)
  7 centaur warriors (Vaults:1)
  A two-headed ogre (shapeshifter) (Vaults:4)
  7 boulder beetles
  A sphinx zombie (Zig:9)
  12 anacondas
  15 dancing weapons
  9 deep troll shamans
  13 two-headed ogres
  5 satyrs
  4 merfolk aquamancers
  8 naga warriors
  A death scarab (Zig:9)
  4 death yaks
  10 tengu warriors
  15 deep troll earth magi
  8 orc high priests
  7 occultists
  5 vampire magi
  3 thrashing horrors (Lair:5)
  2 sun demons
  7 deep elf knights
  10 spriggan berserkers
  Urug (Lair:3)
  10 shock serpents
  15 naga sharpshooters
  8 hell knights
  5 skysharks
  18 sea snakes
  A salamander mystic (Snake:3)
  9 iron trolls
  5 glowing orange brains
  3 skeletal warriors (D:14)
  70 deep trolls
  3 spriggan druids (Depths:2)
  4 arcanists
  2 flayed ghosts
  4 mana vipers
  9 necromancers
  14 harpies
  6 deep elf archers
  3 naga ritualists
  14 ironbound convokers
  12 lindwurms
  5 phantasmal warriors
  A harpy (shapeshifter) (D:10)
  A wolf spider zombie (D:15)
  16 orc knights
  27 deep elf pyromancers
  3 shining eyes
  23 deep elf zephyrmancers
  16 ugly things
  A fire giant zombie (Zig:9)
  A shining eye (shapeshifter) (Vaults:4)
  10 orc sorcerers
  13 cyclopes
  2 salamanders (Snake:3)
  16 moths of wrath
  19 elephants
  24 fauns
  A human zombie (Vaults:2)
  14 manticores
  A salamander (shapeshifter) (Lair:5)
  A meliai (shapeshifter) (Vaults:5)
  A tengu skeleton (Zig:9)
  17 merfolk sirens
  A meliai (D:10)
  6 smoke demons
  3 kobold blastminers
  2 human skeletons (Vaults:2)
  10 centaur zombies
  14 vault sentinels
  3 eyes of devastation
  11 water nymphs
  A torpor snail (Lair:2)
  3 large abominations (Lair:5)
  24 naga magi
  28 black mambas
  9 guardian serpents
  An unseen horror (D:11)
  A centaur skeleton (D:15)
  8 cane toads
  An efreet (D:13)
  A rime drake (Lair:1)
  11 komodo dragons
  A rime drake (shapeshifter) (Lair:5)
  An ice devil (Orc:2)
  4 tengu conjurers
  31 yaktaurs
  4 guardian mummies (Zig:9)
  3 freezing wraiths
  8 trolls
  2 polar bears
  19 merfolk
  8 wind drakes
  3 raiju
  3 hornets
  3 glass eyes
  25 blink frogs
  A tarantella (shapeshifter) (Vaults:4)
  A meliai zombie (D:11)
  10 snapping turtles
  2 dream sheep (Shoals:1)
  A snapping turtle (shapeshifter) (Vaults:5)
  12 small abominations (Lair:5)
  4 air elementals
  A jumping spider (Vaults:3)
  67 slime creatures
  17 spriggans
  4 vampires (D:11)
  4 shadows
  Eustachio (D:5)
  2 wyverns
  72 yaks
  3 ynoxinuls (Lair:5)
  A human (D:12)
  A wyvern (shapeshifter) (D:14)
  5 basilisks
  5 steam dragons
  16 water elementals
  14 wraiths
  13 golden eyes
  A fire bat (shapeshifter) (D:13)
  3 fire elementals
  5 hogs (D:12)
  6 wargs
  11 vampire mosquitoes
  53 nagas
  An acid dragon (D:12)
  A glowing shapeshifter zombie (Vaults:2)
  19 water moccasins
  37 orc warriors
  3 ice beasts (D:7)
  4 laughing skulls
  2 black bears
  A sky beast (D:6)
  An ettin simulacrum (Vaults:2)
  7 ogres
  11 centaurs
  23 wolves
  A phantom (D:4)
  14 bullfrogs
  A kobold brigand (D:7)
  A scorpion (D:7)
  4 earth elementals
  7 wights
  11 killer bees
  2 electric eels
  A howler monkey (D:7)
  3 bombardier beetles
  A lava snake (Lair:2)
  8 hounds
  3 jellies
  30 orc priests
  3 iguanas
  An iron imp (D:15)
  A boggart zombie (D:15)
  11 hell rats (Lair:5)
  31 orc wizards
  3 sleepcaps
  4 mummies (Zig:9)
  A howler monkey zombie (D:11)
  3 gnolls (D:3)
  5 adders
  A shadow imp (D:8)
  4 dart slugs
  3 ribbon worms
  113 orcs
  8 ball pythons
  2 bats
  7 endoplasms
  4 giant cockroaches
  11 goblins
  6 hobgoblins
  10 jackals
  5 quokkas
  3 frilled lizards
  7 kobolds
  4 rats
2161 creatures vanquished.

Vanquished Creatures (others)
  A draconian knight (Zig:10)
  A black draconian (Zot:1)
  A naga sharpshooter (Snake:4)
  A harpy (Shoals:2)
  A manticore (Shoals:2)
  A naga mage (Snake:3)
  A naga (Snake:1)
  A shadow imp (D:15)
  An ufetubus (D:15)
  An orc (D:9)
10 creatures vanquished.

Grand Total: 2171 creatures vanquished

Notes
Turn   | Place    | Note
-------+----------+-------------------------------------------
     0 | D:1      | Strat the Mountain Dwarf Fighter began the quest for the
                  | Orb.
     0 | D:1      | Reached XP level 1. HP: 19/19 MP: 1/1
   190 | D:1      | Reached XP level 2. HP: 22/26 MP: 2/2
  1012 | D:2      | Reached XP level 3. HP: 31/33 MP: 3/3
  1468 | D:2      | Reached XP level 4. HP: 33/40 MP: 4/4
  1724 | D:3      | Reached skill level 4 in Fighting
  1882 | D:3      | Found Agheesur's Armour Emporium.
  1891 | D:3      | Found a runed translucent gate.
  1891 | D:3      | Found a runed translucent gate.
  1891 | D:3      | Found a runed translucent gate.
  1939 | D:3      | Noticed Aldia's ghost (amateur MDRe)
  2146 | D:3      | HP: 1/40 [gnoll/+0 club (3)]
  2149 | D:3      | Reached XP level 5. HP: 3/46 MP: 5/5
  2843 | D:4      | Reached skill level 5 in Axes
  2915 | D:4      | Found Nowariru's Armour Shoppe.
  2975 | D:4      | Noticed a phantom
  3021 | D:4      | Killed a phantom
  3071 | D:4      | Noticed an ogre
  3289 | D:4      | Found Asaeguj's Book Shoppe.
  3400 | D:4      | Reached XP level 6. HP: 29/53 MP: 6/6
  3599 | D:4      | Reached skill level 5 in Armour
  3599 | D:4      | Found Ocliych's Antique Armour Emporium.
  3606 | D:4      | Bought a fine cloak for 171 gold pieces
  3606 | D:4      | Identified the +2 cloak of Tenacity {Regen+} (You bought it
                  | in a shop on level 4 of the Dungeon)
  3641 | D:4      | Reached skill level 5 in Fighting
  3910 | D:5      | Entered Level 5 of the Dungeon
  4092 | D:5      | Reached XP level 7. HP: 45/61 MP: 7/7
  4108 | D:5      | Noticed Eustachio
  4180 | D:5      | Killed Eustachio
  4303 | D:5      | Found a staircase to the Ecumenical Temple.
  4312 | Temple   | Entered the Ecumenical Temple
  4318 | Temple   | Became a worshipper of Warmaster Okawaru
  4600 | D:6      | Reached skill level 6 in Fighting
  4600 | D:6      | Reached XP level 8. HP: 70/70 MP: 8/8
  4860 | D:6      | Reached * piety under Okawaru
  5380 | D:7      | Reached skill level 7 in Fighting
  5409 | D:7      | Reached skill level 10 in Axes
  5535 | D:7      | Reached XP level 9. HP: 59/79 MP: 9/9
  5544 | D:7      | Reached ** piety under Okawaru
  5628 | D:7      | Paralysed by a hornet for 3 turns
  5633 | D:7      | Paralysed by a hornet for 1 turns
  5816 | D:7      | Reached skill level 8 in Fighting
  6091 | D:7      | Reached *** piety under Okawaru
  6268 | D:8      | Noticed Erica
  6584 | D:8      | Found a blossoming altar of Fedhas.
  6584 | D:8      | Found a radiant altar of Vehumet.
  6585 | D:8      | Found a hazy altar of Hepliaklqana.
  6585 | D:8      | Found an ornate altar of the Wu Jian Council.
  6612 | D:8      | Found a glowing silver altar of Zin.
  6612 | D:8      | Found a basalt altar of Yredelemnul.
  6977 | D:8      | Noticed a two-headed ogre
  6993 | D:8      | Killed a two-headed ogre
  6994 | D:8      | Reached XP level 10. HP: 90/90 MP: 10/10
  7031 | D:8      | Reached **** piety under Okawaru
  7338 | D:9      | Reached skill level 9 in Fighting
  7513 | D:9      | Found a staircase to the Orcish Mines.
  7563 | D:9      | Found Unuatuum's General Store.
  7708 | D:9      | Noticed an eight-headed hydra
  7737 | D:9      | Killed a one-headed hydra
  8216 | D:9      | Noticed an orc knight
  8264 | D:9      | Killed an orc knight
  8394 | D:9      | Found a roughly hewn altar of Beogh.
  8449 | D:10     | Entered Level 10 of the Dungeon
  8454 | D:10     | Noticed a two-headed ogre
  8470 | D:10     | Killed a two-headed ogre
  8470 | D:10     | Reached ***** piety under Okawaru
  8470 | D:10     | Received a gift from Okawaru
  8471 | D:10     | Reached skill level 10 in Fighting
  8471 | D:10     | Reached skill level 10 in Armour
  8471 | D:10     | Reached XP level 11. HP: 75/99 MP: 11/11
  8622 | D:10     | Found a staircase to the Lair.
  8654 | D:10     | Found a stormy altar of Qazlal.
  8950 | D:10     | Reached skill level 15 in Axes
  9361 | D:11     | Noticed an orc knight
  9361 | D:11     | Noticed an orc knight
  9490 | Lair:1   | Entered Level 1 of the Lair of Beasts
  9605 | D:10     | Received a gift from Okawaru
  9812 | Lair:1   | Reached skill level 11 in Fighting
 10121 | Lair:1   | Received a gift from Okawaru
 10122 | Lair:1   | Reached XP level 12. HP: 108/110 MP: 12/12
 10712 | Lair:2   | Noticed a seven-headed hydra
 11083 | Lair:2   | Noticed a death yak
 11111 | Lair:1   | Killed a death yak
 11377 | Lair:2   | Identified the +0 robe of Ydirr {rC- Str+6}
 11404 | Lair:2   | Killed a three-headed hydra
 11405 | Lair:2   | Reached skill level 12 in Fighting
 11545 | Lair:2   | Received a gift from Okawaru
 11790 | Lair:2   | Found a staircase to the Snake Pit.
 12136 | Lair:3   | Noticed Urug
 12150 | Lair:3   | Killed Urug
 12303 | Lair:3   | Reached skill level 1 in Invocations
 12379 | Lair:3   | Reached skill level 1 in Evocations
 12522 | Lair:3   | Reached ****** piety under Okawaru
 12524 | Lair:3   | Acquired the +4 consecrated labrys {holy, Valiant ^Fragile
                  | Fly SInv}
 12524 | Lair:3   | Received a gift from Okawaru
 12524 | Lair:3   | Found the +4 consecrated labrys {holy, Valiant ^Fragile Fly
                  | SInv}
 12541 | Lair:3   | Acquired the +2 pair of gloves "Plog" {rElec Dex+3}
 12541 | Lair:3   | Received a gift from Okawaru
 12673 | Lair:3   | Found a staircase to the Shoals.
 13121 | Lair:4   | Reached XP level 13. HP: 119/119 MP: 15/15
 13124 | Lair:4   | Received a gift from Okawaru
 13281 | Lair:4   | Found a staircase to the Slime Pits.
 13281 | Lair:4   | Found a viscous altar of Jiyva.
 13313 | Lair:4   | Reached skill level 5 in Shields
 13416 | Lair:4   | Reached skill level 5 in Invocations
 13511 | Lair:4   | Reached skill level 5 in Evocations
 13549 | Lair:4   | Received a gift from Okawaru
 13995 | Lair:5   | Entered Level 5 of the Lair of Beasts
 14500 | Lair:5   | Identified the +0 scale mail "Esilamif" {rPois rF+ rC-}
 14520 | Lair:5   | Received a gift from Okawaru
 14708 | Lair:5   | Reached skill level 10 in Evocations
 14727 | Lair:5   | Received a gift from Okawaru
 14728 | Lair:5   | Reached skill level 1 in Throwing
 14753 | Lair:5   | Reached XP level 14. HP: 121/127 MP: 20/20
 14772 | Lair:5   | Found a corrupted altar of Lugonu.
 14772 | Lair:5   | Found a one-way gate to the infinite horrors of the Abyss.
 15370 | Lair:5   | Noticed Josephine
 15441 | Lair:5   | Received a gift from Okawaru
 15479 | Lair:5   | Reached skill level 13 in Fighting
 15558 | Lair:5   | Killed Josephine
 16066 | Orc:1    | Entered Level 1 of the Orcish Mines
 16153 | Orc:1    | Noticed Fannar
 16167 | Orc:1    | Killed Fannar
 16294 | Orc:2    | Entered Level 2 of the Orcish Mines
 16615 | Orc:2    | Found Oquta's Distillery.
 16652 | Orc:2    | Found Vuocaru's General Store.
 16850 | Orc:2    | Bought the +2 pair of boots of Yblorr {rF++} for 546 gold
                  | pieces
 17005 | Orc:2    | Found a staircase to the Elven Halls.
 17040 | Orc:2    | Received a gift from Okawaru
 17812 | Orc:2    | Reached skill level 14 in Fighting
 17827 | Orc:2    | Reached skill level 5 in Throwing
 17998 | Orc:2    | Found Hagiozos's Antique Armour Shoppe.
 17998 | Orc:2    | Found Abocaeng's Book Emporium.
 17999 | Orc:2    | Found a one-way gate leading to the halls of Pandemonium.
 18005 | Orc:2    | Bought a faintly humming chain mail for 218 gold pieces
 18005 | Orc:2    | Identified the +0 chain mail of Gallantry {rElec rF+} (You
                  | bought it in a shop on level 2 of the Orcish Mines)
 18034 | Orc:2    | Bought a scroll of teleportation for 42 gold pieces
 18034 | Orc:2    | Bought a scroll of enchant weapon for 105 gold pieces
 18358 | D:11     | Identified the ring of Iryro {Wiz rC++ rN+ rCorr Dex-3}
 18398 | D:11     | Received a gift from Okawaru
 18442 | D:11     | Reached XP level 15. HP: 139/139 MP: 21/21
 18442 | D:11     | Identified the +4 ring mail of the Original Sin {-Cast rN++
                  | Dex+2}
 19155 | D:12     | Received a gift from Okawaru
 19194 | D:12     | Reached skill level 1 in Dodging
 19255 | D:12     | You fall into a shaft and drop 3 floors!
 19255 | D:15     | Entered Level 15 of the Dungeon
 19620 | D:13     | Noticed a fire giant
 19641 | D:13     | Killed a fire giant
 19704 | D:13     | Got the +1 demon whip of the Slashing Stork {flame, rElec}
 19978 | D:13     | Found a gate to the Vaults.
 20068 | D:13     | Reached skill level 5 in Dodging
 20090 | D:13     | Got Faofotial's Compendium of Transportation
 20131 | D:13     | Received a gift from Okawaru
 20367 | D:13     | Learned a level 4 spell: Passage of Golubria
 20508 | D:13     | Found a sparkling altar of Nemelex Xobeh.
 20872 | D:12     | Noticed Kirke
 20922 | D:12     | Killed Kirke
 20954 | D:12     | Found Budoc's Jewellery Emporium.
 20962 | D:12     | Bought the ring "Sotseocs" {rN+ Will+ MP+9 SInv} for 615
                  | gold pieces
 21910 | D:14     | Found a glowing silver altar of Zin.
 21970 | D:14     | Noticed Rupert
 22601 | D:14     | Found a stormy altar of Qazlal.
 22688 | D:14     | Noticed Nessos
 22695 | D:14     | Killed Nessos
 22912 | D:14     | Received a gift from Okawaru
 23412 | D:15     | Found Teof's Weapon Shop.
 23436 | D:15     | Reached XP level 16. HP: 139/147 MP: 22/22
 23718 | D:15     | Found a staircase to the Depths.
 24054 | Snake:1  | Entered Level 1 of the Snake Pit
 24159 | Snake:1  | Received a gift from Okawaru
 24798 | Snake:1  | Reached skill level 10 in Shields
 24819 | Snake:1  | Noticed Louise
 24868 | Snake:1  | Killed Louise
 24881 | Snake:1  | Reached skill level 15 in Fighting
 25311 | Snake:1  | Identified the serpent talisman of the Hunter {rElec}
 25311 | Snake:1  | Noticed Aizul
 25321 | Snake:1  | Killed Aizul
 25718 | D:4      | Bought Great Wizards, Vol. II for 380 gold pieces
 25724 | D:4      | Learned a level 5 spell: Alistair's Intoxication
 26093 | Snake:2  | Reached skill level 1 in Alchemy
 26610 | Snake:2  | Found a runed translucent gate.
 26610 | Snake:2  | Found a runed translucent gate.
 26610 | Snake:2  | Found a runed translucent gate.
 26636 | Snake:2  | Received a gift from Okawaru
 26641 | Snake:2  | Noticed Zonian's ghost (adept FeSu)
 27122 | Snake:3  | Reached skill level 16 in Fighting
 27162 | Snake:3  | Found Egaof's Jewellery Shop.
 27162 | Snake:3  | Found Xuanloat's Book Shoppe.
 27164 | Snake:3  | Found Mossocso's Jewellery Shop.
 27413 | Snake:3  | Received a gift from Okawaru
 27668 | Snake:3  | Reached XP level 17. HP: 159/159 MP: 23/23
 28134 | Snake:4  | Entered Level 4 of the Snake Pit
 28169 | Snake:4  | Received a gift from Okawaru
 28254 | Snake:4  | Reached XP level 18. HP: 51/168 MP: 24/24
 28354 | Snake:4  | Reached skill level 17 in Fighting
 28377 | Snake:4  | Found a sparkling altar of Nemelex Xobeh.
 28956 | Snake:4  | Received a gift from Okawaru
 29570 | Snake:4  | Got a serpentine rune of Zot
 29891 | Shoals:1 | Entered Level 1 of the Shoals
 30132 | Shoals:1 | Reached skill level 10 in Alchemy
 30138 | Shoals:1 | Noticed Mlioglotl
 30207 | Shoals:1 | Identified the +0 scale mail "Asavufid" {rElec rC+ Will-
                  | Dex-5 SInv}
 30288 | Shoals:1 | Received a gift from Okawaru
 30677 | Shoals:1 | Found a runed translucent gate.
 30677 | Shoals:1 | Found a runed translucent gate.
 30677 | Shoals:1 | Found a runed translucent gate.
 30678 | Shoals:1 | Found Suheuss's Magic Scroll Shop.
 30678 | Shoals:1 | Noticed jasper's ghost (journeyman MDFi)
 30679 | Shoals:1 | Noticed Hiprater's ghost (adept MiBe)
 30686 | Shoals:1 | Bought a scroll of blinking for 97 gold pieces
 30686 | Shoals:1 | Bought a scroll of fog for 52 gold pieces
 31833 | Shoals:2 | Got the Compilation of Blasting
 32263 | Shoals:2 | Received a gift from Okawaru
 32342 | Shoals:2 | Reached skill level 1 in Spellcasting
 32347 | Shoals:2 | Learned a level 4 spell: Olgreb's Toxic Radiance
 32589 | Shoals:2 | Noticed Roxanne
 33000 | Shoals:3 | Noticed Donald
 33029 | Shoals:3 | Killed Donald
 33617 | Shoals:4 | Entered Level 4 of the Shoals
 33860 | Shoals:4 | Reached skill level 15 in Armour
 33913 | Shoals:4 | Reached XP level 19. HP: 122/177 MP: 17/25
 34348 | Shoals:4 | Received a gift from Okawaru
 34504 | Shoals:4 | Identified the +2 morningstar of Okawaru {pain, Dex+3 SInv}
 34534 | Shoals:4 | Got a barnacled rune of Zot
 35859 | Vaults:1 | Entered Level 1 of the Vaults
 36189 | Vaults:1 | Received a gift from Okawaru
 36383 | Vaults:1 | Reached skill level 18 in Fighting
 37528 | Vaults:1 | Found a runed translucent door.
 37681 | Vaults:1 | Received a gift from Okawaru
 38380 | Vaults:1 | Noticed Kevimi's ghost (adept FeNe)
 39035 | Vaults:2 | Learned a level 4 spell: Dimensional Bullseye
 39204 | Vaults:2 | Received a gift from Okawaru
 39236 | Vaults:2 | Reached skill level 19 in Fighting
 39754 | Vaults:2 | Reached XP level 20. HP: 191/191 MP: 26/26
 39780 | Vaults:2 | Noticed Bai Suzhen
 39846 | Vaults:2 | Found Yrocs's Assorted Antiques.
 39859 | Vaults:2 | Bought a scroll of teleportation for 99 gold pieces
 39859 | Vaults:2 | Bought a potion of heal wounds for 165 gold pieces
 39917 | Vaults:2 | Killed Bai Suzhen
 40978 | Vaults:3 | Received a gift from Okawaru
 41242 | Vaults:3 | Found a staircase to the Crypt.
 42558 | Vaults:3 | Reached skill level 20 in Fighting
 42962 | Vaults:4 | Found a portal to a secret trove of treasure.
 43490 | Vaults:4 | Received a gift from Okawaru
 44094 | Vaults:4 | Reached skill level 10 in Throwing
 44442 | Vaults:4 | Received a gift from Okawaru
 44661 | Vaults:4 | Reached skill level 21 in Fighting
 44894 | Vaults:4 | Reached XP level 21. HP: 198/202 MP: 27/27
 45082 | Vaults:4 | Identified the staff "Dragon's Death Toll" {rElec rC+ Str-2
                  | Dex+2 Ice}
 45440 | Vaults:4 | Got the Treatise on Evil
 46155 | Elf:1    | Entered Level 1 of the Elven Halls
 46169 | Elf:1    | Received a gift from Okawaru
 46410 | Elf:1    | Found a shimmering blue altar of Sif Muna.
 46987 | Elf:1    | Found Nedopnal's Assorted Antiques.
 47195 | Elf:1    | Got the Incunabulum of Rallied Impulse
 47323 | Elf:2    | Reached skill level 22 in Fighting
 47533 | Elf:2    | Found a runed translucent gate.
 47533 | Elf:2    | Found a runed translucent gate.
 47533 | Elf:2    | Found a runed translucent gate.
 47621 | Elf:2    | Received a gift from Okawaru
 48087 | Elf:3    | Entered Level 3 of the Elven Halls
 48137 | Elf:3    | Found the dreamshard necklace {Acrobat *Dream}
 49441 | Elf:3    | Reached skill level 23 in Fighting
 49758 | Elf:3    | Identified the amulet "Piaxt" {rF++ Regen+ rCorr Slay+3}
 49788 | Elf:3    | Received a gift from Okawaru
 50085 | Elf:3    | Identified the +4 lajatang "Mocad" {flame, rC+ Int+4}
 50630 | Elf:3    | Identified the +8 chain mail of Anaesthesia {rPois Str+3
                  | Int-5 Dex+3 SInv}
 50633 | Elf:3    | Identified the staff of Muteeg {rC+ rN+ Necro}
 50640 | Elf:3    | Identified the +0 plate armour of the Harvest Moon {Slay+5}
 50659 | Elf:3    | Got the Directory of Jinxing
 51142 | D:14     | Killed Rupert
 51175 | Depths:1 | Entered Level 1 of the Depths
 51206 | Depths:1 | Reached XP level 22. HP: 175/212 MP: 19/28
 51225 | Depths:1 | Received a gift from Okawaru
 51226 | Depths:1 | Reached skill level 24 in Fighting
 51632 | Depths:1 | Found a gateway to Hell.
 51957 | Depths:1 | Reached skill level 1 in Translocations
 52098 | Depths:1 | Identified a scroll of acquirement
 52192 | Depths:1 | Acquired the +1 broad axe "Giant's Doom" {antimagic, rN+
                  | Will++}
 52307 | Depths:1 | Found a blossoming altar of Fedhas.
 52378 | Depths:1 | Received a gift from Okawaru
 54028 | Depths:2 | Received a gift from Okawaru
 55216 | Depths:3 | Reached skill level 25 in Fighting
 55319 | Depths:3 | Found Rody's Book Shop.
 55321 | Depths:3 | Found Ysaugroh's Weapon Boutique.
 55323 | Depths:3 | Found Izocw's General Store.
 55376 | Depths:3 | Bought a book of Cantrips for 176 gold pieces
 55381 | Depths:3 | Learned a level 1 spell: Apportation
 55388 | Depths:3 | Bought a scroll of teleportation for 66 gold pieces
 55388 | Depths:3 | Bought a potion of haste for 220 gold pieces
 55543 | Depths:3 | Reached skill level 5 in Translocations
 55704 | Depths:3 | You fall into a shaft and drop 1 floor!
 55704 | Depths:4 | Entered Level 4 of the Depths
 55719 | Depths:3 | Found a one-way gateway to a ziggurat.
 56582 | Depths:4 | Received a gift from Okawaru
 56697 | Depths:4 | Reached skill level 5 in Spellcasting
 57035 | Depths:4 | Reached XP level 23. HP: 232/234 MP: 8/30
 57243 | Depths:4 | Acquired a manual of Throwing
 57245 | Depths:4 | Acquired a manual of Spellcasting
 57721 | Depths:4 | Received a gift from Okawaru
 58799 | Depths:4 | Found a gate to the Realm of Zot.
 59533 | Vaults:5 | Entered Level 5 of the Vaults
 59759 | Vaults:4 | Received a gift from Okawaru
 60676 | Vaults:5 | Reached skill level 26 in Fighting
 60822 | Vaults:5 | Identified the +1 leather armour of the Pirate {rC+ Str+4}
 61095 | Vaults:5 | Noticed a dread lich
 61292 | Vaults:4 | Killed a dread lich
 61313 | Vaults:5 | Noticed a dread lich
 61343 | Vaults:4 | Killed a dread lich
 61371 | Vaults:5 | Noticed a dread lich
 61510 | Vaults:4 | Killed a dread lich
 61510 | Vaults:4 | Received a gift from Okawaru
 61540 | Vaults:5 | Reached skill level 10 in Spellcasting
 61641 | Vaults:5 | Noticed a dread lich
 61786 | Vaults:4 | Killed a dread lich
 61903 | Vaults:5 | Reached skill level 15 in Throwing
 61913 | Vaults:4 | Reached XP level 24. HP: 129/247 MP: 6/37
 62081 | Vaults:4 | Received a gift from Okawaru
 62188 | Vaults:5 | Identified the ring "Zahemouk" {Wiz Dex+5}
 62274 | Vaults:5 | Got a silver rune of Zot
 62420 | Vaults:5 | Found Ness's Jewellery Shoppe.
 63412 | Vaults:5 | Reached skill level 27 in Fighting
 63420 | Vaults:5 | Received a gift from Okawaru
 63514 | Vaults:5 | Identified the staff of Uncertain Death {Str+6 Tloc Earth}
 64105 | Slime:1  | Entered Level 1 of the Pits of Slime
 64201 | Slime:2  | Gained mutation: You are clumsy. (Dex -2) [a shining eye]
 64527 | Slime:5  | Entered Level 5 of the Pits of Slime
 64744 | Slime:4  | Reached skill level 1 in Hexes
 65389 | Slime:5  | Received a gift from Okawaru
 65396 | Slime:5  | Gained mutation: Your spells are a little easier to cast,
                  | but a little less powerful. [a shining eye]
 65402 | Slime:5  | Gained mutation: Your body sometimes deteriorates upon
                  | taking damage. [a shining eye]
 65403 | Slime:5  | Gained mutation: Your natural rate of healing is unusually
                  | fast. [a shining eye]
 65881 | Slime:5  | Noticed the Royal Jelly
 65905 | Slime:5  | Killed the Royal Jelly
 66024 | Slime:5  | Reached skill level 5 in Hexes
 66328 | Slime:5  | Received a gift from Okawaru
 66329 | Slime:5  | Reached skill level 10 in Dodging
 66344 | Slime:5  | Got Qoog Yle's Annotations on Alpine Position
 66363 | Slime:5  | Got Sif Muna's Vellum of Hylic Blasts
 66389 | Slime:5  | Got a slimy rune of Zot
 66394 | Slime:5  | Identified the +0 robe "Voriduvo" {rN+ Archmagi}
 66422 | Slime:5  | Identified the +5 war axe of the Chewing Gods {protect,
                  | rElec Will++}
 66997 | Zig:1    | Entered Level 1 of a ziggurat
 67010 | Zig:1    | Identified the +3 rapier "Foklerph" {drain, ^Fragile rF++
                  | Str+2 SInv}
 67031 | Zig:2    | Entered Level 2 of a ziggurat
 67063 | Zig:2    | Identified the staff of Qiusasoy {rN+ Will+ Str+5 Necro}
 67071 | Zig:3    | Entered Level 3 of a ziggurat
 67118 | Zig:3    | Identified the staff of Laceration {rPois rC+ rCorr Int-2
                  | Dex+2 Alchemy}
 67123 | Zig:4    | Entered Level 4 of a ziggurat
 67143 | Zig:5    | Entered Level 5 of a ziggurat
 67184 | Zig:5    | Acquired the +5 executioner's axe of Ambiguity {freeze,
                  | rPois}
 67226 | Zig:5    | Reached XP level 25. HP: 145/257 MP: 9/38
 67317 | Zig:6    | Entered Level 6 of a ziggurat
 67368 | Zig:6    | Acquired the +5 plate armour "Cylaris" {Rampage rF+ rN+
                  | Slay+3}
 67410 | Zig:6    | Identified the +6 rapier "Xeschaih" {elec, Int+4 SInv}
 67413 | Zig:6    | Identified the +0 robe "Hul Wud" {Rampage}
 67414 | Zig:6    | Identified the ring of the Messenger {Ice rElec SInv}
 67430 | Zig:7    | Entered Level 7 of a ziggurat
 67588 | Zig:7    | Identified the ring "Udwuxzo" {rPois Int+3}
 67592 | Zig:7    | Got the Notes on Scorching Orientation
 67596 | Zig:7    | Identified the amulet "Yzie" {Faith Dex+7}
 67708 | Zig:8    | Entered Level 8 of a ziggurat
 67754 | Zig:8    | Paralysed by an air elemental for 1 turns
 67867 | Zig:9    | Entered Level 9 of a ziggurat
 67886 | Zig:9    | Noticed a royal mummy
 67913 | Zig:9    | Killed a royal mummy
 67924 | Zig:9    | Received a gift from Okawaru
 67940 | Zig:9    | Reached XP level 26. HP: 101/266 MP: 12/38
 68045 | Zig:9    | Identified the ring "Wovoc" {Ice rCorr Str+3 Int+3}
 68059 | Zig:9    | Reached XP level 27. HP: 273/273 MP: 15/38
 68065 | Zig:10   | Entered Level 10 of a ziggurat
 68213 | Zig:10   | Identified the +6 chain mail of Privacy {Int+5}
 68218 | Zig:10   | Identified the +4 scale mail of an ossuary {Str+4}
 68221 | Zig:10   | Identified the ring "Botucuth" {rElec rF++ rN+ MP+9 Int-5}
 68326 | Zot:1    | Entered Level 1 of the Realm of Zot
 69483 | Zot:1    | Found the Hermit's Pendant {Faith Invo=14 Evo=0 MP+5}
 69556 | Zot:1    | Noticed an orb of fire
 69575 | Zot:1    | Killed an orb of fire
 69590 | Zot:1    | Acquired the +0 pair of boots "Ganupt" {Will+ Str+4 Slay+5}
 70637 | Zot:2    | Reached skill level 15 in Shields
 71329 | Zot:2    | Received a gift from Okawaru
 71483 | Zot:2    | Identified the +2 scale mail "Sach" {rPois Dex+4 Slay+2}
 71503 | Zot:2    | Upgraded the game from 0.32-a0-485-g70f7560b1c to
                  | 0.32-a0-520-g344ed53f66
 72161 | Zot:3    | Killed from afar by a yellow draconian

Illustrated notes

Levels and vault maps discovered:
D:1:      scummos_arrival_forest, layout_basic
D:2:      layout_loops_ring, st_stairs_1
D:3:      layout_basic, gammafunk_ghost_icy, serial_shops,
          nicolae_shop_pleasant_corner_grove
D:4:      kennysheep_spiral_hall, layout_basic, serial_shops,
          nicolae_shop_statue_plus, shop, shop, grunt_ministairs_14,
          minmay_misc_feat_more_columns, nicolae_concentric_dashed_squares_mild
D:5:      layout_cave_pools, minmay_temple_entry_antechambers,
          grunt_decor_mini_mirrors, nicolae_elevator_lobby_asterisk,
          uniq_eustachio
D:6:      layout_loops_cross, serial_glass, glass_columns_a, glass_columns_a,
          hex_tiny
D:7:      layout_basic, minmay_alternating_orb
D:8:      layout_loops_corners, grunt_temple_overflow_open,
          chequers_serial_rivers_small_b, uniq_erica
D:9:      layout_long_grid, hiddenorc2_lemuel, serial_shops, shop_coins,
          lightli_church_of_beogh
D:10:     layout_basic, general_overflow_altar, dpeg_oklobed_lair
D:11:     minmay_ambush_box, layout_cave_pools, serial_undead, serial_undead_d,
          serial_undead_b, serial_undead_f, serial_undead_a
D:12:     layout_layer_cave, serial_shops, nicolae_shop_gaudy_bauble, uniq_kirke
D:13:     minmay_firetagon, layout_stronghold, david_vaults_1,
          nemelex_spade_bored_becter
D:14:     layout_irregular_city, nicolae_qazlal_eye_of_the_storm, zin_angel,
          uniq_rupert, uniq_nessos
D:15:     grunt_enter_depths_magical_seal, layout_cave_pools, serial_shops,
          shop, grunt_ministairs_3, hangedman_devilish_allure
Temple:   minmay_freezing_vapour_temple
Lair:1:   layout_roguey, infiniplex_staircase_pool, grunt_megastairs_2
Lair:2:   layout_gridlike, guppyfry_snake_entry_island
Lair:3:   layout_regular_city, minmay_shoals_entry_hut, uniq_urug
Lair:4:   layout_misc_corridors, minmay_slime_entry_pillars,
          minmay_lair_oklob_bushes
Lair:5:   hellmonk_lair_end_abyssal_woods, layout_long_grid,
          nicolae_quartered_pool_impasse, uniq_josephine
Shoals:1: layout_shoals, gammafunk_ghost_cemetery, serial_shops, shop,
          uniq_mlioglotl
Shoals:2: layout_shoals, uniq_roxanne
Shoals:3: layout_shoals, nicolae_shoals_former_cling_halls, uniq_donald
Shoals:4: shoals_end_grunt_garden, layout_shoals
Snake:1:  layout_chambers, uniq_louise, uniq_aizul
Snake:2:  layout_cave_town, ebering_ghost_rock_garden
Snake:3:  layout_misc_corridors, minmay_shop_grove
Snake:4:  grunt_snake_rune_pools, layout_rooms, basic_altar,
          nrook_guardian_serpent_double
Slime:1:  layout_caves
Slime:2:  layout_caves
Slime:3:  layout_caves, nicolae_slime_barrier
Slime:4:  layout_caves, nicolae_slime_round_cave
Slime:5:  slime_pit_nicolae_royal_road_to_ruin
Orc:1:    layout_diamond_mine, uniq_fannar
Orc:2:    pf_orc_diabolical, layout_caves
Elf:1:    nicolae_elf_arrival_no_cutting_in_line, layout_gridlike, basic_altar,
          serial_shops, nicolae_shop_hallway_stairs, minmay_elf_sorcery
Elf:2:    nicolae_elf_blades_splatter_lattice [nicolae_blade_little_rooms],
          layout_geoelf_octagon
Elf:3:    elf_hall, layout_geoelf_diagonals
Vaults:1: ebering_ghost_reflecting_pool, v_misc_12, nicolae_vaults_big_ls,
          grunt_vaults_twisty, ontoclasm_vaults_loading_screen, v_misc_33,
          nicolae_vaults_enemy_cabinets, vaults_dpeg_diagonal, v_alt_pattern_6,
          layout_vaults_omnigrid
Vaults:2: v_alt_pattern_3, v_misc_28, nicolae_vaults_sightless_eye,
          nicolae_vaults_double_plus_2, nicolae_vaults_frosty_reception,
          nicolae_vaults_tetromino_T_2, nicolae_vaults_layer_cake_slice,
          vaults_room_pool, serial_library_hellmonk_semicircle,
          nicolae_vaults_lightning_bolt, hangedman_vaults_trim,
          nicolae_vaults_surprise_closet, layout_vaults_chaotic_city,
          serial_shops, shop, uniq_bai_suzhen
Vaults:3: vaults_room_fancy_cross, nicolae_vaults_weapon_check,
          minmay_crypt_entry_simple_sparse, hangedman_vaults_maws,
          nicolae_vaults_sealed_display, v_misc_3,
          nicolae_vaults_border_crossing, nicolae_vaults_trapezoid_2,
          nicolae_vaults_house_3, nicolae_vaults_thirteen_compartments,
          vaults_room_corners, ontoclasm_vaults_twist,
          nicolae_vaults_layer_cake_slice, nicolae_vaults_house_2,
          layout_vaults_omnicross
Vaults:4: vaults_room_semicircle, dpeg_vaults_monster_box, st_greater_box_4,
          hangedman_vaults_locks, v_rooms_5, nicolae_vaults_little_squares_4,
          ontoclasm_vaults_spin, nicolae_vaults_specimen_jars,
          ontoclasm_vaults_tryst, ontoclasm_vaults_idyll,
          nicolae_vaults_circle_grid_a, vaults_room_grunt_arrival_ludios,
          nicolae_vaults_little_squares_6, layout_vaults_omnibox,
          nicolae_trove_entry_columns
Vaults:5
Depths:1: layout_long_grid, pf_hell_entry_tar_river, minmay_misc_feat_tiny,
          nicolae_abyss_entry_one_way_or_another, fedhas_altar_1
Depths:2: minmay_spriggan_fort, layout_gridlike, pan_entry,
          hangedman_coc_ice_floe, skrybe_limestone_x, minmay_protected_statue
Depths:3: evilmike_halls_of_destruction, layout_honeycomb, enter_ziggurat_f,
          hell_entry, abyss_entry, infiniplex_staircase_river, minmay_shop_star
Depths:4: grunt_zot_entry_alcove, layout_gridville, grunt_metal_band,
          wad_floor_pattern_1, abyss_entry
Zot:1:    layout_gridville, hangedman_zot_gyre
Zot:2:    cheibrodos_zot_enchanting_chambers, layout_misc_corridors,
          regret_index_zotdec_under_construction
Zot:3:    layout_misc_corridors, regret_index_zotdec_barnacled_simple

Skill      XL: |  1  2  3  4  5  6  7  8  9 10 11 12 13 14 15 16 17 18 19 20 21 22 23 24 25 26 27 |
---------------+----------------------------------------------------------------------------------+-----
Axes           | 3 4 5 6 8 10 12 14 16 18 | 18.0
Fighting       | 4 5 6 7 8 10 11 12 14 16 17 19 21 23 25 26 27 | 27.0
Armour         | 4 5 6 7 8 10 11 12 14 15 16 18 21 | 21.2
Invocations    | 3 8 |  8.0
Evocations     | 2 10 | 10.7
Shields        | 4 5 7 10 13 14 16 | 16.0
Throwing       | 1 5 6 7 10 12 15 16 | 16.0
Dodging        | 7 8 10 | 10.0
Alchemy        | 6 7 11 | 11.7
Spellcasting   | 3 5 10 11 | 11.2
Translocations | 6 7 8 |  8.5
Hexes          | 5 |  5.0

Action                     |  1- 3 |  4- 6 |  7- 9 | 10-12 | 13-15 | 16-18 | 19-21 | 22-24 | 25-27 || total
---------------------------+-------+-------+-------+-------+-------+-------+-------+-------+-------++-------
  Melee: War axe           |   122 |   181 |   384 |   776 |       |       |       |       |       ||  1463
         Hand axe          |       |       |       |    13 |    58 |       |       |       |       ||    71
         Broad axe         |       |       |       |    31 |  1569 |  1521 |  2228 |  1971 |   669 ||  7989
  Throw: Javelin           |       |       |       |       |       |       |     3 |    82 |    73 ||   158
   Cast: Olgreb's Toxic Ra |       |       |       |       |       |    12 |   265 |   184 |    23 ||   484
         Alistair's Intoxi |       |       |       |       |       |       |    28 |    17 |     2 ||    47
         Apportation       |       |       |       |       |       |       |       |    59 |    54 ||   113
 Invoke: Heroism           |       |       |       |     2 |    11 |    13 |     9 |    11 |     9 ||    55
         Receive Weapon    |       |       |       |     1 |       |       |       |       |       ||     1
         Receive Armour    |       |       |       |     1 |       |       |       |       |       ||     1
         Finesse           |       |       |       |       |       |       |     1 |     3 |     2 ||     6
  Evoke: Wand              |       |       |     6 |    10 |     5 |     4 |     3 |     6 |       ||    34
    Use: Scroll            |       |     9 |     4 |     7 |     6 |     9 |     9 |    31 |    14 ||    89
         Potion            |       |       |     2 |     4 |     4 |     7 |     1 |     6 |    17 ||    41
   Stab: Paralysed         |       |       |    12 |     3 |       |       |       |       |       ||    15
         Distracted        |       |       |       |       |     1 |       |       |       |       ||     1
         Invisible         |       |       |       |       |       |     6 |       |       |       ||     6
         Confused          |       |       |       |       |       |       |     9 |    18 |       ||    27
 Armour: Scale mail        |    85 |   112 |   235 |       |       |       |       |       |       ||   432
         Plate armour      |       |       |    77 |   585 |   746 |       |    20 |  1315 |       ||  2743
         Gold dragon scale |       |       |       |       |   412 |  1226 |  1576 |   864 |   896 ||  4974
         Skin              |       |       |       |       |       |       |     8 |       |       ||     8
  Dodge: Dodged            |    49 |    70 |   143 |   170 |   330 |   233 |   338 |   634 |   273 ||  2240
         Repelled          |       |       |       |       |       |       |       |       |     2 ||     2
  Block: Buckler           |    25 |    70 |   200 |   300 |   582 |       |       |       |       ||  1177
         Reflection        |       |     3 |     7 |     7 |    15 |   127 |    92 |       |       ||   251
         Kite shield       |       |       |       |       |   112 |  1259 |  1554 |  1198 |   435 ||  4558

Table legend: (Time is in decaauts)
 A = Elapsed time spent in this place.
 B = Non-inter-level travel time spent in this place.
 C = Inter-level travel time spent in this place.
 D = Time resting spent in this place.
 E = Time spent auto-exploring this place.
 F = Levels seen in this place.
 G = Mean time per level.
                   A        B        C        D        E       F      G
               +--------+--------+--------+--------+--------+-----+--------+
         Total |  70566 |  65361 |   5205 |  13294 |  29864 |  61 | 1156.8 |
       Dungeon |  16567 |  14245 |   2322 |    826 |   9167 |  15 | 1104.5 |
        Temple |     11 |      7 |      4 |      0 |      0 |   1 |   11.0 |
          Lair |   6651 |   5955 |    696 |    486 |   3581 |   5 | 1330.2 |
        Shoals |   5919 |   5607 |    312 |   1648 |   1989 |   4 | 1479.8 |
     Snake Pit |   5176 |   4952 |    224 |    714 |   2665 |   4 | 1294.0 |
    Slime Pits |   2349 |   2294 |     55 |    838 |     49 |   5 |  469.8 |
  Orcish Mines |   1992 |   1827 |    165 |    269 |    844 |   2 |  996.0 |
   Elven Halls |   4676 |   4447 |    229 |   1144 |   1786 |   3 | 1558.7 |
        Vaults |  14192 |  13603 |    589 |   3918 |   5207 |   5 | 2838.4 |
        Depths |   8578 |   8096 |    482 |   1989 |   3740 |   4 | 2144.5 |
           Zot |   3260 |   3137 |    123 |   1009 |    804 |   3 | 1086.7 |
      Ziggurat |   1190 |   1190 |      0 |    448 |     30 |  10 |  119.0 |
               +--------+--------+--------+--------+--------+-----+--------+

Top non-repeatable levels by time:
Vaults:4: 4998 daAuts
Vaults:1: 2802 daAuts
Depths:2: 2709 daAuts
Depths:4: 2642 daAuts
   Elf:3: 2454 daAuts
Vaults:2: 2340 daAuts
Vaults:5: 2248 daAuts
Depths:3: 2000 daAuts
Shoals:1: 1954 daAuts
    D:13: 1939 daAuts
Vaults:3: 1802 daAuts
  Lair:5: 1802 daAuts
 Slime:5: 1794 daAuts
   Orc:2: 1711 daAuts
   Zot:2: 1663 daAuts
